 Dungeon Crawl Stone Soup version 0.31-a0-1277-g9d81352 (webtiles) character file.

Game seed: 6578737690784122602

720 Dorkslayer the Poker (level 7, -1/48 (54) HPs)
             Began as a Merfolk Fighter on Dec 17, 2023.
             Slain by a wight
             ... wielding a +2 long sword
              (7 damage)
             ... on level 6 of the Dungeon.
             The game lasted 00:11:43 (4164 turns).

Dorkslayer the Poker (Merfolk Fighter)              Turns: 4164, Time: 00:11:43

HP:   -1/48 (54)    AC: 14    Str: 18    XL:     7   Next: 70%
MP:   7/7           EV:  6    Int:  7    God:
Gold: 272           SH:  5    Dex: 14    Spells: 6/6 levels left

rFire   . . .        a - +0 trident
rCold   . . .        c - +0 buckler
rNeg    + . .        o - +0 plate armour
rPois   +            (no helmet)
rElec   .            p - +0 cloak
rCorr   .            g - +0 pair of gloves
SInv    .            i - +0 pair of boots
Will    .....        (no amulet) Stlth
                     n - ring of poison resistance
HPRegen 0.28/turn    v - ring of positive energy
MPRegen 0.10/turn

%: no passive effects
@: heavily drained
A: (nimble swimmer 2), mertail
a: no special abilities


You were on level 6 of the Dungeon.
You visited 1 branch of the dungeon, and saw 6 of its levels.

You collected 272 gold pieces.

Inventory:

Hand Weapons
 a - a +0 trident (weapon)
Missiles
 r - 2 javelins
 t - a boomerang (quivered)
Armour
 c - a +0 buckler (worn)
 g - a +0 pair of gloves (worn)
 i - a +0 pair of boots (worn)
 o - a +0 plate armour (worn)
 p - a +0 cloak (worn)
Jewellery
 n - a ring of poison resistance (left hand)
 v - a ring of positive energy (right hand)
Scrolls
 b - 2 scrolls of amnesia
 f - a scroll of immolation
 l - 3 scrolls of teleportation
 m - a scroll of blinking
Potions
 d - a potion of might
 e - a potion of heal wounds {unknown}
 h - a potion of attraction {unknown}
 j - a potion of resistance {unknown}
 k - a potion of haste {unknown}
 s - a potion of brilliance
 u - 2 potions of berserk rage
 w - a potion of degeneration


   Skills:
 + Level 4.3 Fighting
 + Level 7.1 Polearms
 * Level 2.6 Throwing
 + Level 3.2 Armour
 * Level 3.8 Dodging
 + Level 3.8 Shields


You had 6 spell levels left.
You didn't know any spells.
Your spell library contained the following spells:

 Spells                   Type           Power      Damage    Failure   Level
 Slow                     Hex            0%         N/A       100%        1
 Confusing Touch          Hex            0%         N/A       100%        3
 Sigil of Binding         Hex            0%         N/A       100%        3
 Vampiric Draining        Necr           0%         2d6       100%        3


Dungeon Overview and Level Annotations

Branches:
Dungeon (6/15)
 Temple: D:4-7

Altars:
Ashenzari
Dithmenos
Makhleb
Nemelex Xobeh
Qazlal
Xom

Shops:
D:5 (


Innate Abilities, Weirdness & Mutations

((You are very nimble when in or above water. (Stealth+, EV+, Speed+++)))
Your lower body shifts to a powerful aquatic tail in water.


Message History

You completely miss the wight.
The wight is severely damaged.
The wight hits you but does no damage.
You closely miss the wight.
The wight is severely damaged.
The wight hits you but does no damage.
You hit the wight.
You destroy the wight!
You barely miss the wight.
The wight is moderately damaged.
You block the wight's attack.
You barely miss the wight.
The wight is moderately damaged.
The wight hits you with a +2 long sword!
You partially resist.
You feel drained.
You closely miss the wight.
The wight is moderately damaged.
The wight hits you with a +2 long sword.
You barely miss the wight.
The wight is moderately damaged.
You block the wight's attack.
The wight hits you with a +2 long sword!
* * * LOW HITPOINT WARNING * * *
You partially resist.
You feel drained.
* * * LOW HITPOINT WARNING * * *
You feel better. The wight hits you but does no damage.
You completely miss the wight.
The wight is moderately damaged.
You hit the wight.
The wight is severely damaged.
The wight hits you with a +2 long sword.
* * * LOW HITPOINT WARNING * * *
You barely miss the wight.
The wight is severely damaged.
The wight hits you with a +2 long sword.
* * * LOW HITPOINT WARNING * * *
You hit the wight but do no damage.
The wight is severely damaged.
The wight hits you with a +2 long sword!
You die...

#z##............#
..#....#######.#
......# #.#
.##z..# #.# ##..#
#.# #z.# #.#
#######..# #.#
#........#######.#
.####.........z@.#
#.###.##.##### ...
#....# ###. #.####
#.....# ###.### #.
#


You could see a wight.

Vanquished Creatures
  A bullfrog (D:4)
  A gnoll sergeant (D:5)
  3 scorpions (D:5)
  2 wights (D:6)
  A hound (D:5)
  A sleepcap (D:6)
  An orc wizard (D:5)
  5 gnolls (D:5)
  8 adders
  2 ufetubi (D:5)
  A worm (D:2)
  2 dart slugs
  14 orcs
  8 endoplasms
  6 giant cockroaches
  7 hobgoblins
  8 kobolds
  4 quokkas
  14 ball pythons
  A bat (D:2)
  2 frilled lizards
  8 goblins
  4 rats
104 creatures vanquished.

Notes
Turn   | Place    | Note
-------+----------+-------------------------------------------
     0 | D:1      | Dorkslayer the Merfolk Fighter began the quest for the Orb.
     0 | D:1      | Reached XP level 1. HP: 18/18 MP: 1/1
   306 | D:1      | Reached skill level 3 in Polearms
   331 | D:1      | Reached XP level 2. HP: 24/24 MP: 2/2
   533 | D:1      | Reached skill level 1 in Dodging
   805 | D:1      | Found a faded altar of an unknown god.
  1092 | D:2      | Reached XP level 3. HP: 20/29 MP: 3/3
  1458 | D:2      | Reached XP level 4. HP: 36/36 MP: 4/4
  1522 | D:2      | Found a shimmering altar of Xom.
  1582 | D:2      | Reached skill level 4 in Polearms
  2065 | D:3      | Reached XP level 5. HP: 36/42 MP: 5/5
  2281 | D:3      | Found a sparkling altar of Nemelex Xobeh.
  2383 | D:3      | Found a burning altar of Makhleb.
  2489 | D:4      | Reached skill level 5 in Polearms
  2598 | D:4      | Noticed an air elemental
  2603 | D:4      | Noticed a fire elemental
  2617 | D:4      | Found a stormy altar of Qazlal.
  2619 | D:4      | Noticed a water elemental
  2745 | D:4      | Found a broken altar of Ashenzari.
  3135 | D:5      | Entered Level 5 of the Dungeon
  3141 | D:5      | Reached XP level 6. HP: 45/48 MP: 6/6
  3160 | D:5      | Reached skill level 1 in Throwing
  3220 | D:5      | Reached skill level 6 in Polearms
  3239 | D:5      | Reached XP level 7. HP: 54/54 MP: 7/7
  3287 | D:5      | Identified the +9 sling of Nourem {drain, rF+}
  3299 | D:5      | Identified the +5 short sword "Murmur" {venom, rF+ rN++
                  | Dex-5}
  3481 | D:5      | Found Mikkeehoa's Weapon Shop.
  3770 | D:5      | Found a shadowy altar of Dithmenos.
  3931 | D:6      | Identified the +9 rapier of the Fray {spect, rCorr}
  4030 | D:6      | Reached skill level 7 in Polearms
  4164 | D:6      | Slain by a wight

Illustrated notes

Levels and vault maps discovered:
D:1:      hellmonk_arrival_library, layout_basic,
          shapermc_ecumenical_altar_starsandcircs, corexii_corridor_pit,
          minmay_misc_feat_square
D:2:      layout_loops_ring, basic_altar, minmay_misc_feat_tiny, minmay_bisected
D:3:      layout_rooms, mainiacjoe_overflow_catch_the_wave,
          kennysheep_crisscross
D:4:      layout_loops_ring, nicolae_qazlal_style_of_elements,
          ashenzari_altar_1, serial_bayou_ford_a, kennysheep_decorative_pillar
D:5:      wander_river, layout_cave_pools, nicolae_overflow_hidden_temple,
          serial_shops, nicolae_shop_waterfront
D:6:      layout_loops_ring, palyth_temple_overflow_mages,
          minmay_temple_entry_enclosed_plants, dk_noncrumbling_3

Skill      XL: |  1  2  3  4  5  6  7 |
---------------+----------------------+-----
Polearms       | 3 4 5 6 7 |  7.1
Dodging        | 1 2 3 |  3.8
Throwing       | 1 2 |  2.6
Armour         | 3 |  3.2
Fighting       | 4 |  4.3
Shields        | |  3.8

Action                     |  1- 3 |  4- 6 |  7- 9 || total
---------------------------+-------+-------+-------++-------
  Melee: Trident           |   114 |   166 |   103 ||   383
         Tailslap          |       |     1 |       ||     1
  Throw: Javelin           |       |     3 |       ||     3
         Boomerang         |       |    23 |    12 ||    35
    Use: Scroll            |       |     9 |       ||     9
         Potion            |       |       |     2 ||     2
 Armour: Scale mail        |    73 |    38 |       ||   111
         Chain mail        |       |    32 |       ||    32
         Plate armour      |       |       |    65 ||    65
  Dodge: Dodged            |    35 |    54 |    14 ||   103
  Block: Buckler           |    21 |    29 |    18 ||    68

Table legend: (Time is in decaauts)
 A = Elapsed time spent in this place.
 B = Non-inter-level travel time spent in this place.
 C = Inter-level travel time spent in this place.
 D = Time resting spent in this place.
 E = Time spent auto-exploring this place.
 F = Levels seen in this place.
 G = Mean time per level.
                   A        B        C        D        E       F      G
               +--------+--------+--------+--------+--------+-----+--------+
         Total |   4166 |   4166 |      0 |     64 |   2533 |   6 |  694.3 |
       Dungeon |   4166 |   4166 |      0 |     64 |   2533 |   6 |  694.3 |
               +--------+--------+--------+--------+--------+-----+--------+

Top non-repeatable levels by time:
     D:1: 1078 daAuts
     D:2: 910 daAuts
     D:5: 733 daAuts
     D:4: 649 daAuts
     D:3: 520 daAuts
     D:6: 275 daAuts
